 Seeded DCSS version 0.31-a0-618-g7ca08c1ff9 (webtiles) character file.

Game seed: 18446744073709551615 (custom seed)

55 Mickster the Chopper (level 3, -1/34 HPs)
             Began as a Hill Orc Berserker on Aug 23, 2023.
             Was a Believer of Trog.
             Slain by Robin
             ... wielding a +0 short sword
              (3 damage)
             ... on level 2 of the Dungeon.
             The game lasted 00:04:24 (781 turns).

Mickster the Chopper (Hill Orc Berserker)            Turns: 781, Time: 00:04:25

Health: -1/34      AC:  2    Str: 21    XL:     3   Next: 93%
Magic:  3/3        EV: 12    Int:  7    God:    Trog [**....]
Gold:   26         SH:  0    Dex: 10    Spells: 2/2 levels left

rFire   . . .        a - +0 hand axe
rCold   . . .        (no shield)
rNeg    . . .        b - +0 animal skin
rPois   .            (no helmet)
rElec   .            (no cloak)
rCorr   .            (no gloves)
SInv    .            (no boots)
Will    .....        (no amulet)
Stlth   +            (no ring)
HPRegen 0.25/turn    (no ring)
MPRegen 0.08/turn

%: no passive effects
@: on berserk cooldown, slowed, very slow
A: no striking features
a: Renounce Religion, Berserk, Trog's Hand


You were on level 2 of the Dungeon.
You worshipped Trog.
Trog was pleased with you.
You visited 1 branch of the dungeon, and saw 2 of its levels.

You collected 26 gold pieces.

Inventory:

Hand Weapons
 a - a +0 hand axe (weapon)
Missiles
 c - 11 stones
 f - 2 poisoned darts (quivered)
Armour
 b - a +0 animal skin (worn)
Potions
 d - a potion of cancellation


   Skills:
 + Level 4.3 Fighting
 * Level 5.2 Axes
 + Level 2.2 Armour
 + Level 2.0 Dodging


You had 2 spell levels left.
You didn't know any spells.
Your spell library was empty.

Dungeon Overview and Level Annotations

Branches:
Dungeon (2/15)

Altars:

Annotations:
D:2 Robin


Message History

* * * LOW HITPOINT WARNING * * *
Unknown command.
The air fills with toxic fumes!
As you read the scroll of poison, it crumbles to dust.
The hobgoblin misses you.
The hobgoblin hits you but does no damage.
The hobgoblin no longer looks unusually strong.
Robin laughs in a distinctly smug fashion.
Robin roars a battlecry!
The hobgoblin goes into a battle-frenzy!
The hobgoblin closely misses you.
You hit the hobgoblin but do no damage.
The hobgoblin is severely wounded.
The hobgoblin barely misses you. The hobgoblin hits you.
* * * LOW HITPOINT WARNING * * *
You hit the hobgoblin but do no damage.
The hobgoblin is severely wounded.
The hobgoblin no longer looks unusually strong.
The hobgoblin barely misses you.
You closely miss the hobgoblin.
The hobgoblin is severely wounded.
The hobgoblin barely misses you. The hobgoblin closely misses you.
You closely miss the hobgoblin.
The hobgoblin is severely wounded.
The hobgoblin closely misses you. x2
You hit the hobgoblin but do no damage.
The hobgoblin is severely wounded.
Robin roars a battlecry!
The hobgoblin goes into a battle-frenzy!
The hobgoblin barely misses you.
You hit the hobgoblin.
You kill the hobgoblin!
Trog accepts your kill. Robin hits you with a +0 short sword.
* * * LOW HITPOINT WARNING * * *
You barely miss Robin.
Robin says, "My goblins will feast on your bones."
Robin hits you with a +0 short sword.
You die...
Robin says, "And that's why I'm the boss."

#°°°..# ° #§☼☼.. ☼.
#°○... . §#§.°. ..
○○... ☼ ##.. #°○#
.○○
...○☼##°☼###☼....
..§○○§§☼)@gg.☼§○○
.#..☼##☼§####○##.
....§☼☼○☼...<.#
..§°.○..#####.#
..##.##§#######.#
##.##.##......#
#...○....####
..............######
###..###...........#


You could see Robin and a hobgoblin (strong).

Vanquished Creatures
  A gnoll (D:1)
  An adder (D:2)
  2 dart slugs (D:1)
  3 ball pythons (D:1)
  An endoplasm (D:1)
  A giant cockroach (D:2)
  5 hobgoblins
  3 jackals (D:1)
  A kobold (D:1)
  A bat (D:1)
  A frilled lizard (D:1)
  8 goblins
  A rat (D:1)
29 creatures vanquished.

Notes
Turn   | Place    | Note
-------+----------+-------------------------------------------
     0 | D:1      | Mickster the Hill Orc Berserker began the quest for the
                  | Orb.
     0 | D:1      | Reached XP level 1. HP: 19/19 MP: 1/1
   163 | D:1      | Reached XP level 2. HP: 21/27 MP: 2/2
   333 | D:1      | Reached XP level 3. HP: 20/33 MP: 3/3
   348 | D:1      | Reached skill level 5 in Axes
   755 | D:2      | Noticed Robin
   771 | D:2      | Reached ** piety under Trog
   780 | D:2      | HP: 1/34 [Robin/+0 short sword (3)]
   781 | D:2      | Slain by Robin

Illustrated notes

Levels and vault maps discovered:
D:1:      eino_arrival_water_star, layout_basic
D:2:      layout_basic, kennysheep_nub, uniq_robin

Skill      XL: |  1  2  3 |
---------------+----------+-----
Fighting       | 4 |  4.3
Axes           | 5 |  5.2
Dodging        | 2 |  2.0
Armour         | |  2.2

Action                     || total
---------------------------++-------
  Melee: Hand axe          ||    74
         Punch             ||     1
 Invoke: Berserk           ||     3
    Use: Scroll            ||     3
   Stab: Sleeping          ||     1
 Armour: Animal skin       ||    14
  Dodge: Dodged            ||    51

Table legend: (Time is in decaauts)
 A = Elapsed time spent in this place.
 B = Non-inter-level travel time spent in this place.
 C = Inter-level travel time spent in this place.
 D = Time resting spent in this place.
 E = Time spent auto-exploring this place.
 F = Levels seen in this place.
 G = Mean time per level.
                   A        B        C        D        E       F      G
               +--------+--------+--------+--------+--------+-----+--------+
         Total |    806 |    790 |     16 |      0 |    503 |   2 |  403.0 |
       Dungeon |    806 |    790 |     16 |      0 |    503 |   2 |  403.0 |
               +--------+--------+--------+--------+--------+-----+--------+

Top non-repeatable levels by time:
     D:1: 752 daAuts
     D:2: 53 daAuts
